 Dungeon Crawl Stone Soup version 0.30-a0-367-g839099abd5 (webtiles) character file.

Game seed: 7032073620319551427

378754 sflrs the Executioner (level 21, -3/294 HPs)
             Began as a Minotaur Fighter on Nov 18, 2022.
             Was the Champion of Okawaru.
             Killed from afar by an ancient champion (29 damage)
             ... with an iron shot
             ... on level 2 of the Crypt.
             The game lasted 01:25:54 (46491 turns).

sflrs the Executioner (Minotaur Fighter)           Turns: 46491, Time: 01:25:54

Health: -3/294     AC: 33    Str: 38    XL:     21   Next: 85%
Magic:  27/27      EV: 35    Int:  8    God:    Okawaru [******]
Gold:   3947       SH: 19    Dex: 11    Spells: 23/30 levels left

rFire   + . .      SeeInvis .    X - +7 broad axe (elec)
rCold   + . .      Faith    .    U - +5 kite shield "Sowac" {rF+ Int+3}
rNeg    + . .      Spirit   .    w - +2 scale mail of Mynk {rC++ rN+}
rPois   .          Reflect  .    L - +2 hat
rElec   .          Harm     .    T - +2 cloak
rCorr   .          Rampage  .    e - +3 pair of gauntlets of War {Slay+5}
Will    ++...                    b - +2 pair of boots {Fly}
Stlth   ..........               A - amulet of the acrobat
HPRegen 0.69/turn                c - ring of Xoppagagg {rC- Will+ AC+4 Str+7}
MPRegen 0.20/turn                h - +4 ring of evasion

@: mighty, berserking (expiring), acrobatic, flying, studying 2 skills, very
quick
A: horns 2, retaliatory headbutt, talons 1, iridescent scales 1
}: 2/15 runes: decaying, serpentine
a: Renounce Religion, Heroism, Finesse, Duel


You were on level 2 of the Crypt.
You worshipped Okawaru.
Okawaru was exalted by your worship.
You visited 9 branches of the dungeon, and saw 40 of its levels.
You also visited: Bailey, Ice Cave and Volcano.

You collected 6624 gold pieces.
You spent 2677 gold pieces at shops.

Inventory:

Hand Weapons
 k - the +6 broad axe of Medaadysch {drain, Dex+4}
   (You acquired it in a bailey)

   A truly terrible weapon, it drains the life of any living foe it strikes.
   Dex:       It affects your dexterity (+4).
 M - a +3 broad axe of venom
 X - a +7 broad axe of electrocution (weapon)
Armour
 b - a +2 pair of boots of flying (worn)
 e - the +3 pair of gauntlets of War (worn) {Slay+5}
   (Okawaru gifted it to you on level 11 of the Dungeon)

   Slay:      It affects your accuracy & damage with ranged weapons and melee
   (+5).
 w - the +2 scale mail of Mynk (worn) {rC++ rN+}
   (You found it on level 6 of the Dungeon)

   rC:        It greatly protects you from cold.
   rN:        It protects you from negative energy.
 L - a +2 hat (worn)
 T - a +2 cloak (worn)
 U - the +5 kite shield "Sowac" (worn) {rF+ Int+3}
   (Okawaru gifted it to you on level 4 of the Lair of Beasts)

   Int:       It affects your intelligence (+3).
   rF:        It protects you from fire.
 W - the +1 pair of boots of Nisaotox {+Inv rC+}
   (Okawaru gifted it to you on level 2 of the Snake Pit)

   rC:        It protects you from cold.
   +Inv:      It lets you turn invisible.
Jewellery
 c - the ring of Xoppagagg (left hand) {rC- Will+ AC+4 Str+7}
   (You found it on level 13 of the Dungeon)

   [ring of protection]

   AC:        It affects your AC (+4).
   Str:       It affects your strength (+7).
   rC:        It makes you vulnerable to cold.
   Will:      It increases your willpower.
 h - a +4 ring of evasion (right hand)
 i - a ring of flight
 A - an amulet of the acrobat (around neck)
 H - a ring of see invisible
 J - a ring of resist corrosion
 P - a +6 ring of strength
Wands
 f - a wand of roots (21)
 l - a wand of polymorph (5)
 v - a wand of acid (11)
 B - a wand of flame (37)
 F - a wand of paralysis (9)
 Q - a wand of mindburst (29)
Scrolls
 a - 5 scrolls of blinking
 j - 3 scrolls of silence
 o - 13 scrolls of fear
 u - 7 scrolls of fog
 y - 9 scrolls of teleportation
 G - 4 scrolls of amnesia
 O - 6 scrolls of immolation
 R - 3 scrolls of magic mapping
 V - 5 scrolls of enchant armour
Potions
 d - 5 potions of might
 g - 11 potions of lignification
 m - 5 potions of cancellation
 n - 10 potions of magic
 q - 4 potions of curing
 r - 6 potions of brilliance
 s - 5 potions of attraction
 x - 5 potions of haste
 z - 4 potions of ambrosia
 C - 4 potions of berserk rage
 D - 6 potions of heal wounds
 E - 2 potions of resistance
 K - 9 potions of mutation
 N - 5 potions of flight
 Z - 4 potions of invisibility
Miscellaneous
 p - a condenser vane
 t - a tin of tremorstones (2/2)


   Skills:
 + Level 18.8 Fighting
 + Level 21.0 Axes
 + Level 19.0 Armour
 + Level 17.0 Dodging
 + Level 18.8 Shields
 - Level 5.0 Spellcasting
 + Level 8.0 Translocations
 - Level 5.0 Earth Magic
 - Level 10.0 Invocations
 - Level 11.0 Evocations


You had 23 spell levels left.
You knew the following spells:

 Your Spells              Type           Power      Damage    Failure   Level
a - Passwall              Tmut/Erth      5%         N/A       30%         2
b - Apportation           Tloc           28%        N/A       1%          1
c - Passage of Golubria   Tloc           14%        N/A       21%         4

Your spell library contained the following spells:

 Spells                   Type           Power      Damage    Failure   Level
 Gell's Gravitas          Tloc           14%        N/A       6%          3
 Lesser Beckoning         Tloc           28%        N/A       6%          3
 Teleport Other           Tloc           14%        N/A       6%          3
 Sandblast                Erth           20%        2d7       7%          1
 Portal Projectile        Hex/Tloc       16%        N/A       32%         3
 Vhi's Electric Charge    Tloc/Air       16%        N/A       32%         3
 Beastly Appendage        Tmut           4%         N/A       50%         1
 Foxfire                  Conj/Fire      8%         2x1d4     50%         1
 Freeze                   Ice            8%         1d3       50%         1
 Magic Dart               Conj           8%         1d3       50%         1
 Kindle Blastsparks       Fire/Tloc/Air  12%        2d11      50%         3
 Stone Arrow              Conj/Erth      12%        3d7       52%         3
 Cigotuvi's Dreadful Rot  Necr/Pois/Air  4%         N/A       63%         2
 Ensorcelled Hibernation  Hex/Ice        4%         N/A       63%         2
 Sublimation of Blood     Necr           2%         N/A       63%         2
 Wereblood                Tmut           2%         N/A       63%         2
 Iskenderun's Mystic Bla  Conj/Tloc      8%         2d4       71%         4
 Dazzling Flash           Conj/Hex       4%         N/A       86%         3
 Frozen Ramparts          Ice            4%         1d1       86%         3
 Hailstorm                Conj/Ice       2%         3d3       86%         3
 Inner Flame              Hex/Fire       2%         N/A       86%         3
 Mephitic Cloud           Conj/Pois/Air  2%         N/A       86%         3
 Spider Form              Tmut/Pois      2%         N/A       86%         3
 Swiftness                Air            2%         N/A       86%         3
 Lee's Rapid Deconstruct  Erth           5%         3d6*      88%         5
 Petrify                  Tmut/Erth      6%         N/A       89%         4
 Dispersal                Tloc           7%         N/A       97%         6
 Airstrike                Air            1%         2d(1-17)  99%         4
 Flame Wave               Conj/Fire      2%         2d4       99%         4
 Fulminant Prism          Conj/Hex       1%         3d5       99%         4
 Ice Form                 Ice/Tmut       2%         N/A       99%         4
 Olgreb's Toxic Radiance  Pois           2%         N/A       99%         4
 Sticky Flame             Conj/Fire      2%         2d3       99%         4
 Alistair's Intoxication  Tmut/Pois      1%         N/A       100%        5
 Arcjolt                  Conj/Air       1%         1d11      100%        5
 Freezing Cloud           Conj/Ice/Air   1%         6-21      100%        5
 Irradiate                Conj/Tmut      1%         3d12      100%        5
 Metabolic Englaciation   Hex/Ice        1%         N/A       100%        5
 Silence                  Hex/Air        1%         N/A       100%        5
 Yara's Violent Unravell  Hex/Tmut       1%         3d3       100%        5
 Conjure Ball Lightning   Conj/Air       1%         3x3d6     100%        6
 Iron Shot                Conj/Erth      3%         9d2       100%        6
 Starburst                Conj/Fire      1%         6d3       100%        6
 Ozocubu's Refrigeration  Ice            1%         4d7       100%        7
 Storm Form               Tmut/Air       1%         N/A       100%        7
 Discord                  Hex            1%         N/A       100%        8
 Disjunction              Tloc           7%         N/A       100%        8
 Ignition                 Fire           1%         3d3       100%        8
 Lehudib's Crystal Spear  Conj/Erth      3%         10d2      100%        8
 Maxwell's Capacitive Co  Air            1%         ∞         100%        8
 Fire Storm               Conj/Fire      1%         7d1       100%        9
 Polar Vortex             Ice            1%         N/A       100%        9
 Call Imp                 Summ           Unusable   N/A       N/A         2
 Tukima's Dance           Hex            Unusable   N/A       N/A         3
 Animate Armour           Summ/Erth      Unusable   N/A       N/A         4
 Summon Ice Beast         Ice/Summ       Unusable   N/A       N/A         4
 Simulacrum               Ice/Necr       Unusable   N/A       N/A         6

Dungeon Overview and Level Annotations

Branches:
Dungeon (15/15)            Temple (1/1) D:6            Lair (5/5) D:9
  Swamp (4/4) Lair:3        Snake (4/4) Lair:3        Slime (0/5) Lair:5
    Orc (2/2) D:10            Elf (3/3) Orc:2        Vaults (4/5) D:13
  Crypt (2/3) Vaults:3     Depths (0/4) D:15         Bailey (visited)
  IceCv (visited)         Volcano (visited)

Altars:
Ashenzari
Cheibriados
Dithmenos
Elyvilon
Hepliaklqana
Makhleb
Nemelex Xobeh
Okawaru
Qazlal
Sif Muna
Trog
Uskayaw
Vehumet
Wu Jian
Xom
Yredelemnul
The Shining One
Jiyva

Shops:
D:2 *:   D:3 !   D:9 *   D:10 *   Orc:1 (   Orc:2 (![:   Elf:1 ?(([
Vaults:2 (

Portals:
Trove: Elf:2 (give +6 demon blade)

Annotations:
D:7 2 transporters, flt's ghost, novice DgTm
Elf:2 3 runed translucent doors
Vaults:2 1 runed translucent door, Dublagg's ghost, veteran MiFi


Innate Abilities, Weirdness & Mutations

You have a pair of horns on your head.
You reflexively headbutt those who attack you in melee.
You have sharp toenails.
You are partially covered in iridescent scales. (AC +2)


Message History

* * * LOW HITPOINT WARNING * * *
A death knight comes into view.
It is wielding a +0 battleaxe of flaming.
You block the skeletal warrior's attack.
The skeletal warrior barely misses you.
You slice the curse skull!!
You headbutt the curse skull, but do no damage.
The curse skull is heavily damaged.
You closely miss the ancient champion.
You completely miss the skeletal warrior.
Unknown command.
You slice the curse skull!! Your headbutt misses the curse skull.
The curse skull is almost destroyed.
You slash the ancient champion! You slash the skeletal warrior!
The skeletal warrior hits you but does no damage. x2
A freezing wraith comes into view.
Unknown command.
You hit the curse skull but do no damage.
You headbutt the curse skull.
The curse skull is almost destroyed.
You slash the ancient champion! You slash the skeletal warrior!
The ancient champion casts a spell at you.
The iron shot hits you!!
* * * LOW HITPOINT WARNING * * *
You slice the curse skull!!
You destroy the curse skull!
Okawaru accepts your kill.
You slice the skeletal warrior!!
You destroy the skeletal warrior!
Okawaru accepts your kill.
You slice the ancient champion!!
You block the skeletal warrior's attack.
The ancient champion hits you with a +3 vorpal great sword!!
* * * LOW HITPOINT WARNING * * *
x2 Your Armour skill increases to level 19!
Your Translocations skill increases to level 8!
Unknown command.
You are too berserk!
The ancient champion points at you and mumbles some strange words.
The iron shot hits you!!
You die...

#...# #...#
#...#######
#######........?.
................
#..............
#......zzz...W.
#.......)z..p..
#[...<@########
#......#
....../..#
.........#
.........#
####+###.# #.#
#.#


You could see a death knight, an ancient champion (fast), 3 skeletal warriors
and a freezing wraith.

Vanquished Creatures
  Bai Suzhen (Swamp:4)
  A golden dragon (Vaults:4)
  A bone dragon (Vaults:3)
  3 deep elf blademasters (Elf:3)
  The ghost of fedoskokos the Slayer, an adept HOFi of Trog (Swamp:4)
  5 deep elf master archers
  An acid blob (Lair:5)
  3 ancient champions (Crypt:1)
  Agnes (D:14)
  A revenant (Crypt:2)
  Kirke (Swamp:2)
  4 thorn hunters
  Donald (Swamp:1)
  6 nagarajas
  2 tengu reavers
  2 fire giants
  8 deep elf sorcerers
  A fenstrider witch (Swamp:1)
  4 deep elf elementalists (Elf:3)
  5 vault wardens
  2 frost giants
  A juggernaut zombie (Crypt:1)
  2 curse skulls
  4 orc warlords
  9 ironbound preservers
  7 ironbound thunderhulks
  14 very ugly things
  6 deep elf demonologists (Elf:3)
  3 eleionomae
  12 deep elf annihilators (Elf:3)
  Nessos (D:14)
  2 vampire knights (Crypt:1)
  Azrael (Orc:2)
  22 dire elephants
  4 bunyips
  4 deep elf death magi (Elf:3)
  An eidolon (Crypt:1)
  A fire dragon (Lair:5)
  A shambling mangrove (Swamp:1)
  2 ettins (Vaults:1)
  A jiangshi (Crypt:1)
  6 deep elf high priests (Elf:3)
  An entropy weaver (Vaults:2)
  A vault guard (D:13)
  5 yaktaur captains
  2 ghost crabs (Swamp:2)
  22 hydras
  9 great orbs of eyes
  21 centaur warriors
  2 catoblepae
  7 boulder beetles
  12 ironbound frosthearts
  9 alligators
  3 two-headed ogres
  21 dancing weapons
  13 anacondas
  15 naga warriors
  3 vampire magi (Crypt:1)
  10 death yaks (IceCv)
  6 shock serpents
  2 tengu warriors (D:15)
  15 naga sharpshooters
  A sun demon (Volcano)
  16 deep elf knights
  2 salamander mystics (Snake:4)
  A sea snake (Snake:1)
  A death drake (Swamp:4)
  19 skeletal warriors
  31 deep trolls
  6 goliath frogs
  9 swamp dragons
  7 naga ritualists (Snake:4)
  4 spriggan druids (Swamp:4)
  16 deep elf archers
  7 phantasmal warriors
  5 bog bodies
  6 wizards
  27 deep elf pyromancers
  A necromancer (Vaults:2)
  30 deep elf zephyrmancers
  13 lindwurms
  16 ironbound convokers
  48 ugly things
  2 human zombies (Vaults:2)
  An oklob plant (Lair:3)
  The ghost of Devinter the Trooper, a novice DsRe of Makhleb (D:8)
  11 orc knights
  7 salamanders
  3 orc sorcerers
  3 cyclopes (D:13)
  7 mana vipers
  3 will-o-the-wisps
  3 manticores
  A human skeleton (Vaults:2)
  9 guardian serpents
  Joseph (D:10)
  An ice statue (IceCv)
  11 elephants
  4 molten gargoyles
  37 black mambas
  2 gargoyles
  15 naga magi
  15 vault sentinels
  A black draconian zombie (Crypt:1)
  14 cane toads
  2 freezing wraiths
  6 rime drakes
  2 unseen horrors
  20 yaktaurs
  An efreet (D:14)
  7 komodo dragons
  2 kobold demonologists
  A hydra zombie (Crypt:1)
  12 trolls
  A bloated husk (Swamp:4)
  6 tyrant leeches
  Prince Ribbit (Lair:3)
  9 polar bears
  9 hornets
  A meliai (D:13)
  11 blink frogs
  28 slime creatures
  A tarantella zombie (Crypt:1)
  10 spriggans
  A ynoxinul (D:8)
  An air elemental (Elf:3)
  5 wraiths
  47 yaks
  4 fire bats (Volcano)
  3 shadows
  A slime creature zombie (Crypt:1)
  A vampire (D:11)
  8 wyverns
  A wyvern (shapeshifter) (D:13)
  A water elemental (D:12)
  8 fire elementals
  2 hogs (Swamp:2)
  9 basilisks
  12 humans
  9 vampire mosquitoes
  A steam dragon (Lair:5)
  A redback (Vaults:2)
  41 nagas
  15 swamp worms
  2 wargs
  Duvessa (D:7)
  15 water moccasins
  12 hell hounds
  8 swamp drakes
  43 orc warriors
  5 ice beasts
  A black bear (D:8)
  2 sky beasts
  A hog zombie (Crypt:1)
  A boggart (Vaults:1)
  25 wolves
  8 ogres
  38 centaurs
  A swamp dragon skeleton (Crypt:1)
  A phantom (D:5)
  2 kobold brigands
  9 bullfrogs
  2 necrophages
  3 gnoll sergeants
  5 scorpions
  4 wights (D:9)
  A spriggan zombie (Crypt:1)
  Dowan (D:7)
  3 killer bees (D:8)
  A vampire bat (Lair:4)
  9 electric eels
  2 howler monkeys
  16 lava snakes
  A jelly (D:8)
  2 hounds
  7 orc priests
  3 iguanas
  7 orc wizards
  A troll simulacrum (D:11)
  16 gnolls
  10 adders
  3 naga simulacra (D:11)
  2 shadow imps (D:5)
  2 white imps
  An ufetubus (D:7)
  A worm (D:3)
  2 dart slugs
  81 orcs
  11 bats
  10 endoplasms
  2 giant cockroaches (D:4)
  12 goblins
  13 hobgoblins
  3 jackals
  11 kobolds
  4 quokkas
  3 training dummies (Elf:2)
  5 ball pythons
  3 frilled lizards
  6 rats
  14 briar patches (Swamp:4)
  A bush (D:8)
1515 creatures vanquished.

Vanquished Creatures (others)
  A bunyip (Swamp:2)
  A deep elf zephyrmancer (D:13)
  A bloated husk (Swamp:2)
  3 humans (D:13)
  A human (shapeshifter) (D:13)
  A naga (Snake:2)
  A warg (Orc:2)
  A howler monkey (D:9)
  A lava snake (Lair:1)
  A briar patch (Swamp:4)
  24 foxfires
  8 fungi
  27 plants
  5 toadstools (D:9)
76 creatures vanquished.

Grand Total: 1591 creatures vanquished

Notes
Turn   | Place    | Note
-------+----------+-------------------------------------------
     0 | D:1      | sflrs the Minotaur Fighter began the quest for the Orb.
     0 | D:1      | Reached XP level 1. HP: 19/19 MP: 0/0
   166 | D:1      | Reached XP level 2. HP: 27/27 MP: 1/1
   425 | D:1      | Reached skill level 1 in Dodging
   657 | D:1      | Reached XP level 3. HP: 33/33 MP: 2/2
   818 | D:2      | Found Vuril's General Store.
   828 | D:2      | Bought a potion of heal wounds for 65 gold pieces
   859 | D:2      | Found Xumasudi's Book Shoppe.
  1124 | D:2      | Reached skill level 3 in Axes
  1500 | D:2      | Bought a scroll of identify for 26 gold pieces
  1667 | D:3      | Found a glowing golden altar of the Shining One.
  1736 | D:3      | Reached XP level 4. HP: 38/40 MP: 3/3
  1828 | D:3      | Found Cebbawise's Distillery.
  2423 | D:4      | Reached XP level 5. HP: 44/47 MP: 4/4
  2698 | D:5      | Entered Level 5 of the Dungeon
  2838 | D:5      | Noticed a phantom
  2851 | D:5      | Killed a phantom
  2852 | D:5      | Reached skill level 4 in Axes
  2883 | D:5      | Reached XP level 6. HP: 55/55 MP: 5/5
  2923 | D:5      | Reached skill level 5 in Armour
  2923 | D:5      | Reached skill level 5 in Shields
  2924 | D:5      | Reached skill level 5 in Fighting
  3254 | D:5      | Reached XP level 7. HP: 49/61 MP: 6/6
  3597 | D:6      | Found a bloodstained altar of Trog.
  3597 | D:6      | Found a basalt altar of Yredelemnul.
  3648 | D:6      | Reached skill level 5 in Axes
  3790 | D:6      | Identified the +2 scale mail of Mynk {rC++ rN+}
  3860 | D:6      | Found a staircase to the Ecumenical Temple.
  3873 | Temple   | Entered the Ecumenical Temple
  3920 | Temple   | Became a worshipper of Warmaster Okawaru
  4198 | D:6      | Reached XP level 8. HP: 37/70 MP: 7/7
  4569 | D:7      | Reached * piety under Okawaru
  4582 | D:7      | Reached skill level 6 in Axes
  4680 | D:7      | Noticed Dowan
  4680 | D:7      | Noticed Duvessa
  4691 | D:7      | Killed Dowan
  4692 | D:7      | Killed Duvessa
  4693 | D:7      | Reached skill level 5 in Dodging
  4804 | D:7      | Identified the +8 dire flail of Circularity {spect, rF+}
  4804 | D:7      | Noticed a two-headed ogre
  4804 | D:7      | Noticed flt's ghost (novice DgTm)
  4806 | D:7      | Found a transporter.
  4810 | D:7      | Found a transporter.
  5216 | D:8      | Reached ** piety under Okawaru
  5217 | D:8      | Reached XP level 9. HP: 79/79 MP: 8/8
  5272 | D:8      | Reached skill level 7 in Axes
  5377 | D:8      | Found a runed translucent door.
  5379 | D:8      | Noticed Devinter's ghost (novice DsRe)
  6335 | D:9      | Noticed a polar bear
  6339 | D:9      | Noticed a rime drake
  6342 | D:9      | Killed a polar bear
  6342 | D:9      | Reached *** piety under Okawaru
  6348 | D:9      | Killed a rime drake
  6349 | D:9      | Noticed a polar bear
  6351 | D:9      | Reached skill level 8 in Axes
  6363 | D:9      | Killed a polar bear
  6364 | D:9      | Reached XP level 10. HP: 56/90 MP: 9/9
  6465 | D:9      | Found a staircase to the Lair.
  6474 | D:9      | Reached **** piety under Okawaru
  6514 | D:9      | Found Kesib's Elemental Accessories.
  6688 | D:9      | Found a broken altar of Ashenzari.
  6691 | D:9      | Found a hide-covered altar of Uskayaw.
  6694 | D:9      | Found an ornate altar of the Wu Jian Council.
  6697 | D:9      | Found a snail-covered altar of Cheibriados.
  6809 | D:9      | Found a shadowy altar of Dithmenos.
  6818 | D:9      | Gained mutation: You have sharp toenails. [potion of
                  | mutation]
  6818 | D:9      | Gained mutation: You are partially covered in iridescent
                  | scales. (AC +2) [potion of mutation]
  7225 | D:10     | Entered Level 10 of the Dungeon
  7232 | D:10     | Noticed Joseph
  7234 | D:10     | Found a flagged portal.
  7249 | D:10     | Killed Joseph
  7269 | Bailey   | Entered a bailey
  7399 | Bailey   | Noticed an orc knight
  7415 | Bailey   | Reached ***** piety under Okawaru
  7422 | Bailey   | Killed an orc knight
  7423 | Bailey   | Reached skill level 9 in Axes
  7725 | Bailey   | Noticed an orc warlord
  7779 | Bailey   | Killed an orc warlord
  7779 | Bailey   | Received a gift from Okawaru
  7788 | Bailey   | Reached XP level 11. HP: 38/99 MP: 8/10
  7844 | Bailey   | Identified the +6 great sword "Mogog" {pain, rPois Int+2}
  8024 | Bailey   | Acquired the +6 broad axe of Medaadysch {drain, Dex+4}
  8189 | D:3      | Bought a potion of experience for 550 gold pieces
  8189 | D:3      | Reached skill level 14 in Axes
  8189 | D:3      | Reached XP level 12. HP: 106/106 MP: 11/11
  8332 | D:8      | Killed Devinter's ghost
  8333 | D:8      | Reached skill level 10 in Fighting
  8333 | D:8      | Reached skill level 10 in Armour
  8348 | D:8      | Got the Spellbook of Metal
  8593 | D:10     | Found the +4 skin of Zhor {*Englaciate rC+++ SInv}
  8618 | D:10     | Found a staircase to the Orcish Mines.
  8661 | D:10     | Noticed a two-headed ogre
  8665 | D:10     | Killed a two-headed ogre
  8666 | D:10     | Reached skill level 1 in Spellcasting
  8731 | D:10     | Found Cafaupt's Serpentskin Sales.
  8930 | D:10     | Learned a level 2 spell: Passwall
  8968 | D:11     | Noticed a seven-headed hydra
  8975 | D:11     | Killed a nine-headed hydra
  8976 | D:11     | Reached skill level 1 in Earth Magic
  9225 | D:11     | Found a frozen archway.
  9238 | IceCv    | Entered an ice cave
  9406 | IceCv    | Noticed a death yak
  9407 | IceCv    | Noticed a death yak
  9424 | IceCv    | Killed a death yak
  9432 | IceCv    | Killed a death yak
  9623 | IceCv    | Noticed a death yak
  9626 | IceCv    | Noticed a death yak
  9628 | IceCv    | Killed a death yak
  9628 | IceCv    | Reached ****** piety under Okawaru
  9635 | IceCv    | Killed a death yak
  9888 | IceCv    | Noticed a death yak
  9902 | IceCv    | Killed a death yak
  9902 | IceCv    | Received a gift from Okawaru
  9903 | IceCv    | Reached skill level 5 in Earth Magic
  9992 | IceCv    | Noticed a death yak
  9992 | IceCv    | Noticed a death yak
  9993 | IceCv    | Noticed a death yak
  9994 | IceCv    | Noticed a death yak
 10002 | IceCv    | Killed a death yak
 10006 | IceCv    | Killed a death yak
 10007 | IceCv    | Reached skill level 5 in Spellcasting
 10007 | IceCv    | Reached skill level 10 in Shields
 10013 | IceCv    | Killed a death yak
 10015 | IceCv    | Killed a death yak
 10091 | IceCv    | Noticed a frost giant
 10091 | IceCv    | Noticed a death yak
 10095 | IceCv    | Reached XP level 13. HP: 113/113 MP: 11/19
 10111 | IceCv    | Killed a frost giant
 10145 | IceCv    | Got the Parchment of Hypothermia
 10805 | D:11     | Received a gift from Okawaru
 10805 | D:11     | Found the +3 pair of gauntlets of War {Slay+5}
 10866 | D:10     | Got the Grimoire of Frigid Superposition
 12024 | D:13     | Reached skill level 15 in Axes
 12402 | D:13     | Reached skill level 10 in Dodging
 12477 | D:13     | Acquired 827 gold pieces
 12515 | D:13     | Identified the +3 kite shield "Roriys" {Int+4} (Okawaru
                  | gifted it to you on level 13 of the Dungeon)
 12515 | D:13     | Received a gift from Okawaru
 12681 | D:13     | Identified the ring of Xoppagagg {rC- Will+ AC+4 Str+7}
 12837 | D:13     | Identified the +6 plate armour "Daimul" {Fly Will- Str+3
                  | Int+6}
 12865 | D:13     | Found a gate to the Vaults.
 12972 | D:13     | Reached XP level 14. HP: 111/125 MP: 20/20
 13334 | D:13     | Noticed a fire giant
 13340 | D:13     | Killed a fire giant
 13830 | D:14     | Identified the +1 robe "Feses" {rN+ rCorr} (Okawaru gifted
                  | it to you on level 14 of the Dungeon)
 13830 | D:14     | Received a gift from Okawaru
 14029 | D:14     | Noticed Nessos
 14043 | D:14     | Killed Nessos
 14192 | D:14     | Reached skill level 16 in Axes
 14459 | D:14     | Noticed Agnes
 14468 | D:14     | Killed Agnes
 14687 | D:15     | Entered Level 15 of the Dungeon
 15139 | D:15     | Reached skill level 5 in Invocations
 15268 | D:15     | Received a gift from Okawaru
 15378 | D:15     | Found a staircase to the Depths.
 15378 | D:15     | Noticed a frost giant
 15385 | D:15     | Killed a frost giant
 15990 | Lair:1   | Entered Level 1 of the Lair of Beasts
 16060 | Lair:1   | Reached XP level 15. HP: 134/134 MP: 21/21
 16165 | Lair:1   | Received a gift from Okawaru
 18179 | Lair:3   | Found a staircase to the Snake Pit.
 18191 | Lair:3   | Reached skill level 10 in Invocations
 18343 | Lair:3   | Found a staircase to the Swamp.
 18372 | Lair:3   | Noticed Prince Ribbit
 18377 | Lair:3   | Killed Prince Ribbit
 18509 | Lair:4   | Identified the +5 kite shield "Sowac" {rF+ Int+3} (Okawaru
                  | gifted it to you on level 4 of the Lair of Beasts)
 18509 | Lair:4   | Received a gift from Okawaru
 18628 | Lair:4   | Identified the +2 mace of Blind Justice {drain, rPois rC+
                  | rN+}
 19143 | Lair:5   | Entered Level 5 of the Lair of Beasts
 19484 | Lair:5   | Found a runed translucent door.
 19485 | Lair:5   | Found a viscous altar of Jiyva.
 19489 | Lair:5   | Noticed an acid blob
 19490 | Lair:5   | Found a staircase to the Slime Pits.
 19513 | Lair:5   | Killed an acid blob
 19902 | Lair:5   | Found a large runed translucent door.
 19902 | Lair:5   | Found a large runed translucent door.
 20553 | Orc:1    | Entered Level 1 of the Orcish Mines
 20566 | Orc:1    | Found Fafimawo's Weapon Shoppe.
 20808 | Orc:2    | Entered Level 2 of the Orcish Mines
 20808 | Orc:2    | Found a staircase to the Elven Halls.
 20825 | Orc:2    | Noticed Azrael
 20829 | Orc:2    | Reached XP level 16. HP: 124/145 MP: 14/22
 20850 | Orc:2    | Killed Azrael
 20865 | Orc:2    | Identified the +3 crystal plate armour "Tyeraan" {+Blink
                  | Stlth+} (Okawaru gifted it to you on level 2 of the Orcish
                  | Mines)
 20865 | Orc:2    | Received a gift from Okawaru
 20916 | Orc:2    | Found a burning altar of Makhleb.
 20927 | Orc:2    | Found a dark tunnel.
 20935 | Volcano  | Entered a volcano
 21141 | Volcano  | Found a radiant altar of Vehumet.
 21272 | Orc:1    | Reached skill level 17 in Axes
 21799 | Orc:2    | Found Kydof's Distillery.
 21799 | Orc:2    | Found Pefuetu's Armour Shop.
 21801 | Orc:2    | Found Quxt's Book Boutique.
 21803 | Orc:2    | Found Zeyscho's Weapon Shoppe.
 21813 | Orc:2    | Bought a +2 pair of boots of flying for 301 gold pieces
 21831 | Orc:2    | Bought a potion of heal wounds for 60 gold pieces
 21831 | Orc:2    | Bought a potion of heal wounds for 60 gold pieces
 21831 | Orc:2    | Bought a potion of might for 48 gold pieces
 21831 | Orc:2    | Bought a potion of mutation for 96 gold pieces
 21831 | Orc:2    | Bought a potion of mutation for 96 gold pieces
 21831 | Orc:2    | Bought a potion of attraction for 36 gold pieces
 21831 | Orc:2    | Bought a potion of curing for 36 gold pieces
 22010 | Snake:1  | Entered Level 1 of the Snake Pit
 22209 | Snake:1  | Found a glowing golden altar of the Shining One.
 22422 | Snake:1  | Got the Handbook of the Baneful Inferno
 23617 | Snake:2  | Identified the +0 trident "Esyorib" {vorpal, rElec rF-
                  | Will++ Stlth+}
 24079 | Snake:2  | Identified the +1 pair of boots of Nisaotox {+Inv rC+}
                  | (Okawaru gifted it to you on level 2 of the Snake Pit)
 24079 | Snake:2  | Received a gift from Okawaru
 24303 | Snake:3  | Reached skill level 1 in Evocations
 24838 | Snake:3  | Reached skill level 5 in Evocations
 25351 | Snake:4  | Entered Level 4 of the Snake Pit
 25713 | Snake:4  | Reached XP level 17. HP: 144/154 MP: 23/23
 25860 | Snake:4  | Received a gift from Okawaru
 26513 | Snake:4  | Reached skill level 10 in Evocations
 27011 | Snake:4  | Identified the +2 pair of boots "Gityrram" {rPois Will-
                  | Dex+3} (Okawaru gifted it to you on level 4 of the Snake
                  | Pit)
 27011 | Snake:4  | Received a gift from Okawaru
 27326 | Snake:4  | Got a serpentine rune of Zot
 27682 | Swamp:1  | Entered Level 1 of the Swamp
 27701 | Swamp:1  | Noticed Donald
 27716 | Swamp:1  | Killed Donald
 28736 | Swamp:2  | Noticed Kirke
 28744 | Swamp:2  | Killed Kirke
 28952 | Swamp:2  | Identified the +0 crystal plate armour of Disappointment
                  | {rC+ Str+4} (Okawaru gifted it to you on level 2 of the
                  | Swamp)
 28952 | Swamp:2  | Received a gift from Okawaru
 29070 | Swamp:2  | Learned a level 1 spell: Apportation
 29261 | Swamp:3  | Reached skill level 15 in Fighting
 29261 | Swamp:3  | Reached skill level 15 in Armour
 29340 | Swamp:3  | Reached XP level 18. HP: 145/163 MP: 24/24
 29345 | Swamp:3  | Reached skill level 15 in Shields
 29674 | Swamp:4  | Entered Level 4 of the Swamp
 29714 | Swamp:4  | Reached skill level 1 in Translocations
 29818 | Swamp:4  | Reached skill level 18 in Axes
 31247 | Swamp:4  | Noticed Bai Suzhen
 31259 | Swamp:4  | Killed Bai Suzhen
 31500 | Swamp:4  | HP: 8/165 [poison (dark miasma)]
 31836 | Swamp:4  | Got a decaying rune of Zot
 31864 | Swamp:4  | Identified the +0 pair of boots of Dramatic Exits {Int+4}
                  | (Okawaru gifted it to you on level 4 of the Swamp)
 31864 | Swamp:4  | Received a gift from Okawaru
 32008 | Swamp:4  | Found a runed translucent door.
 32010 | Swamp:4  | Identified the ring of the Solstice {Will- Int+9 Dex+6}
 32011 | Swamp:4  | Identified the +6 trident "Coeschyt" {speed, Fragile rElec
                  | Str+3}
 32011 | Swamp:4  | Noticed fedoskokos's ghost (adept HOFi)
 32038 | Swamp:4  | Killed fedoskokos's ghost
 32748 | Vaults:1 | Entered Level 1 of the Vaults
 32993 | Elf:1    | Entered Level 1 of the Elven Halls
 33040 | Elf:1    | Found Diefec's Antique Armour Shoppe.
 33072 | Elf:1    | Bought a scorched plate armour for 1008 gold pieces
 33072 | Elf:1    | Identified the +3 plate armour "Fuhei" {rElec rPois Will+
                  | Int+4 Dex-2} (You bought it in a shop on level 1 of the
                  | Elven Halls)
 33300 | Elf:1    | Found Ajoy's Antique Weapon Shoppe.
 33621 | Elf:1    | Found Miguluda's Antique Weapon Emporium.
 33736 | Elf:1    | Found Ejaragaj's Magic Scroll Shoppe.
 33744 | Elf:1    | Bought a scroll of blinking for 75 gold pieces
 33744 | Elf:1    | Bought a scroll of enchant armour for 75 gold pieces
 33744 | Elf:1    | Bought a scroll of blinking for 75 gold pieces
 33744 | Elf:1    | Bought a scroll of teleportation for 30 gold pieces
 33744 | Elf:1    | Bought a scroll of immolation for 40 gold pieces
 34105 | Elf:2    | Found a portal to a secret trove of treasure.
 34273 | Elf:2    | Reached XP level 19. HP: 167/172 MP: 25/25
 34557 | Elf:2    | Found a runed translucent gate.
 34557 | Elf:2    | Found a runed translucent gate.
 34559 | Elf:2    | Found a runed translucent gate.
 34811 | Elf:3    | Entered Level 3 of the Elven Halls
 34836 | Elf:3    | Received a gift from Okawaru
 35619 | Elf:3    | Reached skill level 19 in Axes
 35804 | Elf:3    | Identified the ring "Koxughoa" {Contam rPois Int+3 Dex+6}
 36248 | Elf:3    | Received a gift from Okawaru
 36397 | Elf:3    | Identified the +3 halberd of Poverty {freeze, Fragile rElec
                  | Str+4}
 36711 | Elf:3    | Paralysed by an air elemental for 1 turns
 36712 | Elf:3    | Identified the +0 robe of the Slightly Bent {rF+}
 36714 | Elf:3    | Paralysed by an air elemental for 1 turns
 36724 | Elf:3    | Identified the +9 scimitar of Terror {antimagic, Will+
                  | Str-3 Dex+4}
 37006 | Elf:3    | Identified the +8 falchion of Bixuc {vorpal, Str+2 Stlth+}
 37016 | Elf:3    | Reached skill level 15 in Dodging
 37184 | Elf:3    | Reached skill level 5 in Translocations
 37493 | Elf:3    | HP: 6/174 [deep elf zephyrmancer/bolt of lightning (25)]
 38321 | Elf:3    | Identified the +5 ring mail of the Invisible Lives {*Slow
                  | rF+ Int+4 Dex+4} (Okawaru gifted it to you on level 3 of
                  | the Elven Halls)
 38321 | Elf:3    | Received a gift from Okawaru
 38954 | Elf:3    | Got Ycuhas's Opusculum on Non-Euclidean Gusts
 38962 | Elf:3    | Got Sif Muna's Codex of the Geometric Storm
 39454 | Vaults:1 | Identified the +1 robe of Muttered Phrases {-Tele rElec
                  | Int+2 Dex+6}
 39491 | Vaults:1 | Reached XP level 20. HP: 155/184 MP: 26/26
 40157 | Vaults:1 | Identified the +1 hat of Gusau {rC- Str+6 Dex+6} (Okawaru
                  | gifted it to you on level 1 of the Vaults)
 40157 | Vaults:1 | Received a gift from Okawaru
 40842 | Vaults:2 | Found Rajofe's Weapon Shoppe.
 40916 | Vaults:2 | Reached skill level 20 in Axes
 41571 | Vaults:2 | Found a runed translucent door.
 41571 | Vaults:2 | Noticed Dublagg's ghost (veteran MiFi)
 42001 | Vaults:2 | Learned a level 4 spell: Passage of Golubria
 42503 | Vaults:3 | Identified the +1 crystal plate armour of Jowkit {-Tele rF+
                  | Slay+3} (Okawaru gifted it to you on level 3 of the Vaults)
 42503 | Vaults:3 | Received a gift from Okawaru
 43044 | Vaults:3 | Noticed a bone dragon
 43058 | Vaults:3 | Killed a bone dragon
 43059 | Vaults:3 | Found a staircase to the Crypt.
 43222 | Vaults:3 | Reached XP level 21. HP: 194/194 MP: 27/27
 43596 | Vaults:3 | You are sucked into a shaft and drop 1 floor!
 44530 | Vaults:4 | Noticed a golden dragon
 44546 | Vaults:4 | Killed a golden dragon
 45417 | Crypt:1  | Entered Level 1 of the Crypt
 45448 | Crypt:1  | Received a gift from Okawaru
 46233 | Crypt:1  | Reached skill level 21 in Axes
 46491 | Crypt:2  | Killed from afar by an ancient champion

Illustrated notes

Levels and vault maps discovered:
D:1:      minmay_arrival_solitary_statue, layout_loops_ring
D:2:      layout_loops_ring, serial_shops, nicolae_shop_advertising_works
          [nicolae_subvault_shop_adworks], nicolae_shop_statue_plus
D:3:      kennysheep_six_static_rooms, layout_rooms,
          nicolae_tso_carved_into_rock, serial_shops, nicolae_lakefront_shop
D:4:      layout_cave_pools
D:5:      layout_basic
D:6:      layout_loops_ring, chequers_temple_overflow_statue_of_worship,
          minmay_temple_entry_stoned_glass, serial_glass, glass_columns_b,
          glass_columns_a, glass_columns_a, glass_columns_c, glass_columns_a,
          glass_columns_b, glass_columns_c, glass_columns_b, glass_columns_a,
          glass_columns_a, glass_columns_a, glass_columns_a, glass_columns_c,
          glass_columns_b, serial_bayou_pond_d, minmay_misc_feat_enclosed
D:7:      layout_basic, gammafunk_ghost_smash, uniq_duvessa
D:8:      layout_basic, hellmonk_ghost_big_iron
D:9:      layout_long_grid, grunt_temple_overflow_cloverleaf,
          nicolae_dithmenos_through_a_glass_darkly, hellmonk_lair_entry_icy,
          nicolae_elemental_shop, minmay_gold_behind_fungi,
          palyth_stone_intersect, hangedman_decor_opposing
D:10:     layout_rooms, orc_0_dummy, enter_bailey_2, grunt_decor_cap,
          minivault_21, guppyfry_shop_venom, uniq_joseph
D:11:     layout_irregular_city, portal_ice_cave_entry_ice_simulacra,
          grunt_ministairs_2
D:12:     nicolae_cairo_tiling, layout_basic
D:13:     nzn_winding_woodlands_stair_trap [nzn_winding_woodlands_5x15_pool,
          nzn_winding_woodlands_5x15_lazy_stream,
          nzn_winding_woodlands_5x15_zeroes,
          nzn_winding_woodlands_15x15_boxy_spiral,
          nzn_winding_woodlands_5x15_twine, nzn_winding_woodlands_5x15_pockets,
          nzn_winding_woodlands_5x15_parted], layout_basic,
          ximxim_vaults_locker_room
D:14:     layout_cave_pools, uniq_agnes, uniq_nessos
D:15:     grunt_enter_depths_snipers, layout_stronghold, columned_hall_lemuel
Temple:   jpeg_temple_clearing
Lair:1:   layout_loops_ring, nicolae_lair_liquid_snakes, grunt_megastairs_3
Lair:2:   layout_cave_pods, infiniplex_staircase_pool, serial_bayou_shore_a
Lair:3:   layout_misc_corridors, skrybe_swamp_entry_bodies, dummy_snake_entry,
          uniq_prince_ribbit2
Lair:4:   beast_lair_carwin_large_1, layout_long_grid, st_stairs_8,
          roderic_batcave
Lair:5:   cheibrodos_lair_end_hotspot, layout_concentric_octagons, slime_entry_2
Swamp:1:  layout_basic_swamp, serial_swamp_ruin, evilmike_swamp_ruin_house_4,
          evilmike_swamp_ruin_house_3, uniq_donald
Swamp:2:  layout_basic_swamp, nicolae_swamp_feature_on_the_river_bank,
          uniq_kirke
Swamp:3:  layout_basic_swamp, evilmike_swamp_ruin_house_1
Swamp:4:  swamp, layout_basic_swamp, ebering_ghost_funeral_grove,
          infiniplex_staircase_pool_2, uniq_bai_suzhen
Snake:1:  layout_cave_pods, basic_altar, nicolae_snake_gridmaze_entwining,
          guppyfry_snake_island
Snake:2:  layout_honeycomb
Snake:3:  nicolae_snake_unarmed_stairs_patrol, layout_honeycomb
Snake:4:  grunt_snake_rune_serpentine_throne, layout_cave_town, drop_trap,
          guppyfry_library_mini, lemuel_fruit_tree
Orc:1:    layout_diamond_mine, serial_shops, nicolae_shop_bloodbath_and_beyond
Orc:2:    st_orc_rangers, layout_caves, nicolae_volcano_entry_two_sided,
          bloody_makhleb, uniq_azrael
Elf:1:    elf_arrival_001, layout_gridlike, serial_shops, nicolae_shop_trees,
          nicolae_shop_trees, nicolae_shop_window_shopping, nicolae_square_shop,
          hangedman_elven_crosses_minicolossus, nicolae_elf_w_pinch, drop_trap
Elf:2:    elven_hall_of_blades_hangedman_original
          [nicolae_blade_entry_crossed_weapons], layout_geoelf_octagon,
          nicolae_trove_entry_isolated, st_stairs_14,
          amcnicky_mini_corridor_feature, nicolae_elf_archery_training
Elf:3:    nooodl_elf_gasket, layout_gridlike, minmay_elf_demonology
Vaults:1: vaults_mumra_hexcomb, vaults_standard_mumra_x, v_misc_33,
          grunt_vaults_focal, v_misc_8, vaults_room_boxed, v_misc_26,
          vaults_mumra_hex, ontoclasm_vaults_misaligned, st_spiral_rooms,
          nicolae_vaults_little_squares_5, layout_vaults_big_cross
Vaults:2: ebering_ghost_inner_flame, grunt_vaults_twisty, v_rooms_3,
          vaults_dpeg_emergency_exit, nicolae_vaults_diagonal_hallway_8,
          nicolae_vaults_little_squares_4, nicolae_vaults_little_squares_3,
          nicolae_vaults_gold_heap, dpeg_vaults_monster_box,
          hangedman_vaults_maws, layout_vaults_big_room, serial_shops,
          nicolae_diamond_shop
Vaults:3: nicolae_vaults_little_squares_1, nicolae_vaults_quartermaster,
          minmay_crypt_entry_nasty_monster, v_pattern_4, ontoclasm_vaults_twist,
          nicolae_vaults_network_barrier, vaults_room_stairs_pillars,
          nicolae_vaults_little_squares_5,
          vaults_standard_mumra_enter_the_diamond,
          nicolae_vaults_three_branches, layout_vaults_quadrants
Vaults:4: v_misc_19, v_misc_29, ontoclasm_vaults_ring_small, st_more_cells,
          vaults_standard_mumra_lines, hangedman_vaults_capsules,
          ontoclasm_vaults_claustrophobia, ontoclasm_vaults_eye, v_misc_15,
          v_misc_3, ontoclasm_vaults_pinch, hangedman_vaults_impose,
          layout_vaults_ring
Crypt:1:  layout_chaotic_city
Crypt:2:  layout_chaotic_city, amcnicky_mini_rare_corridor_liquid

Skill      XL: |  1  2  3  4  5  6  7  8  9 10 11 12 13 14 15 16 17 18 19 20 21 |
---------------+----------------------------------------------------------------+-----
Dodging        | 1 2 3 4 5 7 8 10 11 12 13 14 15 16 17 | 17.0
Shields        | 4 5 6 7 8 9 10 11 12 13 14 16 17 18 | 18.8
Armour         | 4 5 6 7 8 9 10 11 12 13 14 15 16 17 18 19 | 19.0
Fighting       | 4 5 6 7 8 9 10 11 12 13 14 15 16 17 18 | 18.8
Axes           | 3 4 5 6 8 9 14 15 16 17 18 19 20 21 | 21.0
Spellcasting   | 5 |  5.0
Earth Magic    | 5 |  5.0
Invocations    | 7 10 | 10.0
Evocations     | 6 11 | 11.0
Translocations | 3 5 6 8 |  8.0

Action                   |  1- 3 |  4- 6 |  7- 9 | 10-12 | 13-15 | 16-18 | 19-21 || total
-------------------------+-------+-------+-------+-------+-------+-------+-------++-------
Melee: War axe           |    86 |   117 |   180 |   290 |       |       |       ||   673
       Headbutt          |     3 |    15 |    34 |    74 |   172 |   262 |   354 ||   914
       Broad axe         |       |       |       |    69 |   804 |  1037 |  1156 ||  3066
 Cast: Passwall          |       |       |       |       |     2 |       |       ||     2
Invok: Heroism           |       |       |       |     4 |     3 |     1 |     1 ||     9
       Finesse           |       |       |       |     1 |     1 |     1 |       ||     3
Evoke: Wand              |       |       |       |     2 |     6 |       |       ||     8
  Use: Scroll            |     7 |     8 |     4 |     9 |    10 |     9 |    10 ||    57
       Potion            |       |       |     1 |     9 |     4 |    12 |     5 ||    31
 Stab: Petrified         |       |       |       |       |     3 |       |       ||     3
       Confused          |       |       |       |       |       |     4 |       ||     4
Armor: Scale mail        |    34 |    39 |   109 |    94 |   259 |   401 |   240 ||  1176
       Skin              |       |       |       |     8 |       |       |       ||     8
Dodge: Dodged            |    50 |    80 |   193 |   236 |   493 |   829 |   498 ||  2379
Block: Buckler           |    16 |    30 |    62 |   118 |   107 |       |       ||   333
       Kite shield       |       |       |       |       |   435 |   992 |   812 ||  2239

Table legend: (Time is in decaauts)
 A = Elapsed time spent in this place.
 B = Non-inter-level travel time spent in this place.
 C = Inter-level travel time spent in this place.
 D = Time resting spent in this place.
 E = Time spent auto-exploring this place.
 F = Levels seen in this place.
 G = Mean time per level.
                   A        B        C        D        E       F      G
               +--------+--------+--------+--------+--------+-----+--------+
         Total |  46068 |  43126 |   2942 |   2134 |  32846 |  43 | 1071.3 |
       Dungeon |  14712 |  13290 |   1422 |    299 |  10676 |  15 |  980.8 |
        Temple |     74 |     38 |     36 |      0 |     30 |   1 |   74.0 |
          Lair |   4638 |   4256 |    382 |      0 |   3439 |   5 |  927.6 |
         Swamp |   4802 |   4657 |    145 |   1369 |   2412 |   4 | 1200.5 |
     Snake Pit |   5591 |   5302 |    289 |      2 |   4563 |   4 | 1397.8 |
  Orcish Mines |   1015 |    898 |    117 |      0 |    669 |   2 |  507.5 |
   Elven Halls |   6110 |   5832 |    278 |    451 |   4200 |   3 | 2036.7 |
        Vaults |   5981 |   5724 |    257 |      7 |   4714 |   4 | 1495.2 |
         Crypt |   1039 |   1026 |     13 |      0 |    806 |   2 |  519.5 |
        Bailey |    749 |    749 |      0 |      5 |    444 |   1 |  749.0 |
      Ice Cave |   1057 |   1057 |      0 |      0 |    764 |   1 | 1057.0 |
       Volcano |    295 |    295 |      0 |      0 |    129 |   1 |  295.0 |
               +--------+--------+--------+--------+--------+-----+--------+

Top non-repeatable levels by time:
   Elf:3: 3899 daAuts
 Snake:4: 2210 daAuts
    D:13: 1830 daAuts
Vaults:3: 1712 daAuts
 Swamp:4: 1667 daAuts
 Swamp:3: 1577 daAuts
Vaults:1: 1496 daAuts
Vaults:2: 1396 daAuts
     D:8: 1395 daAuts
Vaults:4: 1375 daAuts
    D:12: 1344 daAuts
  Lair:5: 1243 daAuts
    D:15: 1163 daAuts
 Snake:3: 1149 daAuts
 Snake:2: 1136 daAuts
